 Dungeon Crawl Stone Soup version 0.31-a0-20-g13bd767e95 (webtiles) character file.

Game seed: 2296472270085072640

4987 Bennjico the Fighter (level 10, 0/92 HPs)
             Began as a Minotaur Fighter on May 13, 2023.
             Was an Elder of Okawaru.
             Succumbed to a wight's poison
             ... on level 8 of the Dungeon.
             The game lasted 00:12:27 (6762 turns).

Bennjico the Fighter (Minotaur Fighter)             Turns: 6762, Time: 00:12:28

Health: 0/92       AC: 18    Str: 24    XL:     10   Next: 29%
Magic:  8/9        EV: 12    Int:  5    God:    Okawaru [****..]
Gold:   1183       SH:  6    Dex: 11    Spells: 9/9 levels left

rFire   . . .        a - +2 war axe (flame)
rCold   . . .        c - +0 buckler
rNeg    . . .        b - +1 scale mail
rPois   .            p - +2 hat
rElec   .            q - +2 cloak
rCorr   .            (no gloves)
SInv    .            n - +2 pair of boots
Will    .....        (no amulet) Stlth
                     (no ring)
HPRegen 0.35/turn    (no ring)
MPRegen 0.11/turn

%: no passive effects
@: lethally poisoned (0 -> -15), studying Fighting
A: horns 2, retaliatory headbutt, talons 1, wild magic 1
a: Renounce Religion, Heroism, Finesse


You were on level 8 of the Dungeon.
You worshipped Okawaru.
Okawaru was greatly pleased with you.
You visited 2 branches of the dungeon, and saw 9 of its levels.
You also visited: Sewer.

You collected 1183 gold pieces.

Inventory:

Hand Weapons
 a - a +2 war axe of flaming (weapon)
Missiles
 k - a throwing net (quivered)
Armour
 b - a +1 scale mail (worn)
 c - a +0 buckler (worn)
 n - a +2 pair of boots (worn)
 p - a +2 hat (worn)
 q - a +2 cloak (worn)
Jewellery
 e - a ring of fire
Wands
 m - a wand of roots (13)
 t - a wand of mindburst (23)
Scrolls
 h - 2 scrolls of silence
 i - 4 scrolls of teleportation
 j - a scroll of magic mapping
 l - 2 scrolls of fear
 r - 2 scrolls of fog
Potions
 d - 3 potions of mutation
 g - 4 potions of haste
 s - a potion of might


   Skills:
 + Level 9.6 Fighting
 + Level 8.5 Axes
 + Level 8.9 Armour
 + Level 7.3 Dodging
 + Level 9.0 Shields


You had 9 spell levels left.
You didn't know any spells.
Your spell library contained the following spells:

 Spells                   Type           Power      Damage    Failure   Level
 Cigotuvi's Dreadful Rot  Necr/Pois/Air  0%         N/A       93%         2
 Static Discharge         Conj/Air       0%         2-2/arc   93%         2
 Spider Form              Tmut/Pois      0%         N/A       99%         3
 Airstrike                Air            0%         2d(0-16)  100%        4
 Alistair's Intoxication  Tmut/Pois      0%         N/A       100%        5
 Fire Storm               Conj/Fire      0%         5d1       100%        9
 Summon Lightning Spire   Summ/Air       Unusable   N/A       N/A         4

Dungeon Overview and Level Annotations

Branches:
Dungeon (8/15)             Temple (1/1) D:4           Sewer (visited)
   Lair: D:8-11

Altars:
Okawaru
Trog
Wu Jian
Xom

Annotations:
D:3 1 runed translucent door, caveywoolpert's ghost, amateur DsEE
D:8 Erica


Innate Abilities, Weirdness & Mutations

You have a pair of horns on your head.
You reflexively headbutt those who attack you in melee.
You have sharp toenails.
Your spells are a little harder to cast, but a little more powerful.


Message History

The wight closely misses you. You furiously retaliate!
You headbutt the wight.
You destroy the wight!
Okawaru accepts your kill. Something hits you.
* * * LOW HITPOINT WARNING * * *
Something burns you.
* * * LOW HITPOINT WARNING * * *
It was a potion of cancellation.
Your magical effects are unravelling.
You feel magically purged.
You feel yourself slow down.
Your attacks no longer feel as feeble.
* * * LOW HITPOINT WARNING * * *
You feel very sick.
The wight hits you with a +1 mace of venom!
* * * LOW HITPOINT WARNING * * *
You are more poisoned.
You hear some strange, mumbled words.
A lance of force appears from out of thin air!
The lance of force misses you.
It was a potion of heal wounds.
You feel much better.
* * * LOW HITPOINT WARNING * * *
You feel very sick. You block the wight's attack.
Something hits you but does no damage.
Unknown command.
Okay, then.
Unknown command.
Unknown command.
You closely miss something. You hit the wight but do no damage.
* * * LOW HITPOINT WARNING * * *
You feel very sick. The wight misses you. You furiously retaliate!
You headbutt the wight! Something hits you!
* * * LOW HITPOINT WARNING * * *
Something burns you.
* * * LOW HITPOINT WARNING * * *
You slash something! You burn something. You slash the wight!
You burn the wight.
You destroy the wight!
Okawaru accepts your kill.
You die...

...[ ..?.. .....
# ...... #.
...... #..
#......
###...###)......
......))@{#
..######)## .#
#o# ...####.#
#....#.###
#.....#
###.#......
#<####... #.# ..


You could see an orc.

Vanquished Creatures
  An ugly thing (D:7)
  A shadow (D:5)
  A wraith (D:7)
  A steam dragon (D:4)
  4 water moccasins (D:5)
  2 orc warriors (D:6)
  Pargi (Sewer)
  2 ice beasts (D:6)
  A black bear (D:5)
  3 sky beasts
  3 centaurs
  4 ogres
  A phantom (D:4)
  A kobold brigand (D:7)
  A bullfrog (D:7)
  2 gnoll sergeants
  6 scorpions
  5 wights (D:8)
  7 killer bees
  2 howler monkeys
  4 crimson imps (D:3)
  A hound (D:7)
  2 orc priests
  6 sleepcaps
  2 jellies
  2 gnoll boudas
  2 orc wizards (D:5)
  10 iguanas
  9 adders
  6 gnolls
  A shadow imp (D:5)
  2 white imps (D:7)
  An ufetubus (D:6)
  A dart slug (D:5)
  18 orcs
  9 endoplasms
  9 giant cockroaches
  8 goblins
  5 hobgoblins
  17 jackals
  13 kobolds
  9 quokkas
  7 ball pythons
  7 bats
  7 frilled lizards
  6 rats
213 creatures vanquished.

Vanquished Creatures (others)
  A quokka (D:4)
1 creature vanquished.

Grand Total: 214 creatures vanquished

Notes
Turn   | Place    | Note
-------+----------+-------------------------------------------
     0 | D:1      | Bennjico the Minotaur Fighter began the quest for the Orb.
     0 | D:1      | Reached XP level 1. HP: 19/19 MP: 0/0
    59 | D:1      | Reached XP level 2. HP: 27/27 MP: 1/1
   152 | D:1      | Found a faded altar of an unknown god.
   316 | D:1      | Reached skill level 1 in Dodging
   566 | D:1      | Reached XP level 3. HP: 33/33 MP: 2/2
   854 | D:2      | Gained mutation: Your spells are a little harder to cast,
                  | but a little more powerful. [potion of mutation]
   854 | D:2      | Gained mutation: You have sharp toenails. [potion of
                  | mutation]
  1376 | D:3      | Found a glowing drain.
  1386 | D:3      | Reached XP level 4. HP: 37/40 MP: 3/3
  1407 | Sewer    | Entered a sewer
  1430 | Sewer    | Noticed Pargi
  1439 | Sewer    | Killed Pargi
  1440 | Sewer    | Reached XP level 5. HP: 37/47 MP: 4/4
  1516 | D:3      | Identified a scroll of acquirement
  1516 | D:3      | Acquired 826 gold pieces
  1906 | D:3      | Found a shimmering altar of Xom.
  1920 | D:3      | Reached XP level 6. HP: 48/55 MP: 5/5
  2022 | D:3      | Reached skill level 5 in Fighting
  2022 | D:3      | Reached skill level 5 in Shields
  2176 | D:3      | Found a runed translucent door.
  2177 | D:3      | Noticed caveywoolpert's ghost (amateur DsEE)
  2223 | D:4      | Noticed a steam dragon
  2234 | D:4      | Killed a steam dragon
  2235 | D:4      | Reached skill level 5 in Armour
  2387 | D:4      | Reached XP level 7. HP: 57/61 MP: 6/6
  2410 | D:4      | Found a staircase to the Ecumenical Temple.
  2425 | Temple   | Entered the Ecumenical Temple
  2546 | Temple   | Became a worshipper of Warmaster Okawaru
  2814 | D:4      | Got Jiusesta's Quarto of Filthy Fever
  2925 | D:5      | Entered Level 5 of the Dungeon
  2967 | D:5      | Reached skill level 5 in Axes
  3320 | D:5      | Reached * piety under Okawaru
  3321 | D:5      | Reached XP level 8. HP: 57/70 MP: 7/7
  3593 | D:5      | Reached skill level 5 in Dodging
  3706 | D:5      | Reached ** piety under Okawaru
  3707 | D:5      | HP: 3/70 [something (26)]
  3716 | D:5      | Identified the +3 quarterstaff "Solad" {spect, Will++
                  | Str+3}
  4167 | D:5      | Reached XP level 9. HP: 46/79 MP: 8/8
  4849 | D:6      | Reached *** piety under Okawaru
  5871 | D:7      | Noticed a green ugly thing
  5879 | D:7      | Killed a green ugly thing
  5884 | D:7      | Reached XP level 10. HP: 48/90 MP: 9/9
  6059 | D:7      | Identified the +4 ring mail of Instinct {rElec SInv}
  6326 | D:7      | Reached **** piety under Okawaru
  6736 | D:8      | Noticed Erica
  6761 | D:8      | HP: 4/92 [something (2)]
  6762 | D:8      | Succumbed to a wight's poison

Illustrated notes

Levels and vault maps discovered:
D:1:      ldierk_walled_garden_2, layout_basic,
          ebering_ecumenical_altar_abandoned, ebering_dispersal_statue_hall
D:2:      layout_loops_ring
D:3:      layout_loops_ring, led_xom_imps, ebering_ghost_reflecting_pool,
          gup_sewer_entry_pipe
D:4:      layout_rooms, minmay_temple_entry_tees
D:5:      kennysheep_windowed_halls, layout_basic, hellmonk_no_cap
D:6:      layout_basic, minmay_holes, minmay_manual_moon
D:7:      minmay_opposing_rooms, layout_loops_ring
D:8:      layout_rooms, enter_bailey_7, uniq_erica
Temple:   mainiacjoe_temple_trianglar_array

Skill      XL: |  1  2  3  4  5  6  7  8  9 10 |
---------------+-------------------------------+-----
Dodging        | 1 2 3 4 5 6 7 |  7.3
Fighting       | 4 5 6 7 8 9 |  9.6
Armour         | 4 5 6 7 8 |  8.9
Shields        | 4 5 6 7 8 9 |  9.0
Axes           | 3 4 5 6 8 |  8.5

Action                     |  1- 3 |  4- 6 |  7- 9 | 10-12 || total
---------------------------+-------+-------+-------+-------++-------
  Melee: War axe           |   132 |    65 |   247 |    77 ||   521
         Headbutt          |    18 |    13 |    48 |    12 ||    91
 Invoke: Heroism           |       |       |       |     1 ||     1
    Use: Scroll            |     8 |     6 |     4 |     5 ||    23
         Potion            |     1 |     2 |     2 |     3 ||     8
 Armour: Scale mail        |    80 |    49 |    98 |    26 ||   253
  Dodge: Dodged            |    56 |    65 |   135 |    32 ||   288
  Block: Buckler           |    26 |    19 |    75 |    23 ||   143

Table legend: (Time is in decaauts)
 A = Elapsed time spent in this place.
 B = Non-inter-level travel time spent in this place.
 C = Inter-level travel time spent in this place.
 D = Time resting spent in this place.
 E = Time spent auto-exploring this place.
 F = Levels seen in this place.
 G = Mean time per level.
                   A        B        C        D        E       F      G
               +--------+--------+--------+--------+--------+-----+--------+
         Total |   6911 |   6688 |    223 |     72 |   5106 |  10 |  691.1 |
       Dungeon |   6612 |   6445 |    167 |     72 |   4924 |   8 |  826.5 |
        Temple |    177 |    121 |     56 |      0 |    116 |   1 |  177.0 |
         Sewer |    121 |    121 |      0 |      0 |     65 |   1 |  121.0 |
               +--------+--------+--------+--------+--------+-----+--------+

Top non-repeatable levels by time:
     D:5: 1616 daAuts
     D:7: 1187 daAuts
     D:6: 1053 daAuts
     D:3: 862 daAuts
     D:2: 717 daAuts
     D:1: 613 daAuts
     D:4: 534 daAuts
  Temple: 177 daAuts
   Sewer: 121 daAuts
     D:8: 26 daAuts
